 Dungeon Crawl Stone Soup version 0.28-b1-1-g3c77fb2ed1 (webtiles) character file.

Game seed: 5542733593057618472

4886 crazypyro the Cleaver (level 10, -2/89 HPs)
             Began as a Minotaur Fighter on Jan 28, 2022.
             Was an Initiate of Gozag.
             Slain by a two-headed ogre (11 damage)
             ... on level 9 of the Dungeon.
             The game lasted 00:15:48 (9084 turns).

crazypyro the Cleaver (Minotaur Fighter)            Turns: 9084, Time: 00:15:50

Health: -2/89      AC: 18    Str: 25    XL:     10   Next: 26%
Magic:  9/9        EV:  8    Int:  9    God:    Gozag
Gold:   724        SH:  5    Dex: 10    Spells: 9/9 levels left

rFire   + . .      SeeInvis +   a - +1 war axe
rCold   . . .      Faith    .   c - +0 buckler
rNeg    . . .      Spirit   .   E - +0 plate armour
rPois   .          Reflect  .   (helmet restricted)
rElec   +          Harm     .   (no cloak)
rCorr   +          Rampage  .   B - +0 pair of gloves {hurl}
Will    +....                   L - +1 pair of boots
Stlth   ..........              K - amulet of Dociw {+Inv rF+ Regen+ rCorr Int+4}
HPRegen 1.04/turn               e - ring of see invisible
MPRegen 0.11/turn               r - ring of willpower

@: mighty
A: horns 2, retaliatory headbutt, shaggy fur 1, electricity resistance
a: Renounce Religion, Evoke Invisibility, Potion Petition, Call Merchant, Bribe
Branch


You were on level 9 of the Dungeon.
You worshipped Gozag.
Gozag was pleased with you.
You visited 2 branches of the dungeon, and saw 10 of its levels.
You also visited: Bailey.

You collected 1780 gold pieces.
You spent 246 gold pieces at shops.
You paid 810 gold pieces to Gozag.

Inventory:

Hand Weapons
 a - a +1 war axe (weapon)
 b - a +0 hand axe of flaming
 J - the +11 rapier of Omyuruha {flame, Will+ rCorr Dex-4 Stlth+}
   (You found it on level 7 of the Dungeon)

   It burns those it strikes, dealing additional fire damage.
   Dex:       It affects your dexterity (-4).
   rCorr:     It protects you from acid and corrosion.
   Will:      It increases your willpower.
   Stlth:     It makes you more stealthy.
Armour
 c - a +0 buckler (worn)
 B - a +0 pair of gloves of hurling (worn)
 E - a +0 plate armour (worn)
 L - a +1 pair of boots (worn)
Jewellery
 e - a ring of see invisible (left hand)
 k - a ring of positive energy
 r - a ring of willpower (right hand)
 K - the amulet of Dociw (around neck) {+Inv rF+ Regen+ rCorr Int+4}
   (You found it on level 7 of the Dungeon)

   [amulet of regeneration]

   Int:       It affects your intelligence (+4).
   rF:        It protects you from fire.
   +Inv:      It lets you turn invisible.
   Regen:     It increases your rate of health regeneration.
   rCorr:     It protects you from acid and corrosion.
Wands
 o - a wand of digging (6)
 t - a wand of flame (22)
 z - a wand of iceblast (5)
Scrolls
 g - 2 scrolls of fear
 m - a scroll of immolation
 u - a scroll of noise
 v - 2 scrolls of enchant armour
 w - a scroll of enchant weapon
 H - 4 scrolls of identify
Potions
 d - a potion of might
 f - a potion of lignification {unknown}
 h - a potion of berserk rage
 i - 2 potions of brilliance {unknown}
 j - a potion of flight {unknown}
 l - a potion of ambrosia {unknown}
 n - 2 potions of curing {unknown}
 q - 2 potions of cancellation {unknown}
 s - 3 potions of heal wounds
 C - 2 potions of magic {unknown}
 D - 2 potions of haste
 F - 2 potions of invisibility {unknown}
 G - a potion of resistance


   Skills:
 + Level 8.3 Fighting
 * Level 13.1 Axes
 + Level 8.5 Armour
 - Level 4.1 Dodging
 - Level 6.0 Shields


You had 9 spell levels left.
You didn't know any spells.
Your spell library contained the following spells:

 Spells                   Type           Power      Damage    Failure   Level
 Animate Skeleton         Necr           0%         N/A       99%         1
 Magic Dart               Conj           0%         1d3       99%         1
 Pain                     Necr           0%         1d4       99%         1
 Ensorcelled Hibernation  Hex/Ice        0%         N/A       100%        2
 Scorch                   Fire           0%         2d5       100%        2
 Searing Ray              Conj           0%         2d4       100%        2
 Static Discharge         Conj/Air       0%         N/A       100%        2
 Gell's Gravitas          Tloc           0%         N/A       100%        3
 Lesser Beckoning         Tloc           0%         N/A       100%        3
 Ozocubu's Armour         Ice            0%         N/A       100%        3
 Spider Form              Tmut/Pois      0%         N/A       100%        3
 Teleport Other           Tloc           0%         N/A       100%        3
 Tukima's Dance           Hex            0%         N/A       100%        3
 Vampiric Draining        Necr           0%         2d6       100%        3
 Anguish                  Hex/Necr       0%         N/A       100%        4
 Dispel Undead            Necr           0%         3d6       100%        4
 Flame Wave               Conj/Fire      0%         2d4       100%        4
 Fulminant Prism          Conj/Hex       0%         3d6       100%        4
 Iskenderun's Mystic Bla  Conj/Tloc      0%         2d3       100%        4
 Sticky Flame             Conj/Fire      0%         2d3       100%        4
 Summon Lightning Spire   Summ/Air       0%         N/A       100%        4
 Alistair's Intoxication  Tmut/Pois      0%         N/A       100%        5
 Borgnjor's Vile Clutch   Necr/Erth      0%         N/A       100%        5
 Lee's Rapid Deconstruct  Erth           0%         3d5*      100%        5
 Metabolic Englaciation   Hex/Ice        0%         N/A       100%        5
 Eringya's Noxious Bog    Tmut/Pois      0%         N/A       100%        6
 Simulacrum               Ice/Necr       0%         N/A       100%        6
 Summon Cactus Giant      Summ           0%         N/A       100%        6
 Enfeeble                 Hex            0%         N/A       100%        7
 Storm Form               Tmut/Air       0%         N/A       100%        7
 Maxwell's Capacitive Co  Air            0%         ∞         100%        8


Dungeon Overview and Level Annotations

Branches:
Dungeon (9/15)             Temple (1/1) D:4          Bailey (visited)
   Lair: D:8-11         Orc: D:9-12

Altars:
Cheibriados
Dithmenos
Elyvilon
Gozag
Hepliaklqana
Makhleb
Okawaru
Ru
Trog
Uskayaw
Vehumet
Wu Jian
Xom
Yredelemnul
Zin
The Shining One

Shops:
D:7 !*

Annotations:
D:8 Erica


Innate Abilities, Weirdness & Mutations

You have a pair of horns on your head.
You reflexively headbutt those who attack you in melee.
You are covered in fur. (AC +1)
You are resistant to electric shocks. (rElec)


Message History

Found an ivory ring.
There is an open door here.
k - a ring of positive energy Your +0 hand axe of flaming stops flaming.
a - a +1 war axe (weapon)
Found a stone staircase leading down.
You open the door.
There is an open door here.
You open the door.
There is an open door here.
You open the door.
There is an open door here.
Found a robe.
Found a bloodstained altar of Trog.
H - 4 scrolls of identify (gained 1)
A two-headed ogre comes into view.
It is wielding a +0 giant club and a +0 giant spiked club.
The two-headed ogre shouts in stereo!
You open the door. You slash the two-headed ogre!
You headbutt the two-headed ogre.
The two-headed ogre is moderately wounded.
The two-headed ogre hits you with a +0 giant club!
The two-headed ogre hits you with a +0 giant spiked club!
You slash the two-headed ogre!
The two-headed ogre is heavily wounded.
You hit the two-headed ogre.
The two-headed ogre is heavily wounded.
The two-headed ogre hits you with a +0 giant club.
The two-headed ogre hits you with a +0 giant spiked club!!
You are too injured to fight recklessly!
You feel very mighty all of a sudden. The two-headed ogre barely misses you.
You furiously retaliate!
You headbutt the two-headed ogre.
The two-headed ogre hits you with a +0 giant spiked club!!
* * * LOW HITPOINT WARNING * * *
You barely miss the two-headed ogre. You headbutt the two-headed ogre!
The two-headed ogre is almost dead.
The two-headed ogre hits you with a +0 giant club!
* * * LOW HITPOINT WARNING * * *
The two-headed ogre hits you with a +0 giant spiked club!
You die...
Your body crumbles into a pile of gold.

.......# #...≈.≈§≈≈≈≈≈,*
.......# ####...≈....§§,≈,*
.......####..'...≈.≈≈≈≈≈,≈,*
.......'....##...≈.≈...≈,≈,*
....(..#######...≈.≈._..,≈,*
.......# #...≈.≈...≈,≈,*
..<....# #...≈.≈≈≈≈≈,≈,*
..))...# #...≈...§§.,≈,*
.)))...# *##O@§≈≈≈§§§≈≈,*
##)##### #........§§.,,,*
#.### *#.#...###.#.****
#...# #.,##### *...* ###.#
#,** **#.* ####.####
**+****** *,********
........#**$,,,,,,*
*,,,,,,,,*
........#,+,,,,,,,*
**,,,,,,,**
.......>#,*,,,,,,,*
**,,,,,,,,*


You could see a two-headed ogre.

Vanquished Creatures
  A hydra (D:9)
  Pikel (D:5)
  A gargoyle (D:6)
  A wyvern (D:9)
  A steam dragon (D:6)
  Menkaure (D:4)
  3 water moccasins
  2 orc warriors
  3 ogres
  4 lemures (D:5)
  A phantom (D:4)
  2 bullfrogs (D:9)
  4 kobold brigands
  Blork the orc (D:5)
  9 scorpions
  A water moccasin skeleton (D:4)
  6 killer bees
  3 howler monkeys (D:7)
  A centaur zombie (D:7)
  3 orc priests
  4 hounds
  4 jellies
  A centaur skeleton (D:5)
  5 iguanas
  An orc wizard (D:8)
  2 howler monkey zombies
  15 gnolls
  A howler monkey skeleton (D:5)
  6 adders
  A shadow imp (D:5)
  A white imp (D:6)
  An ufetubus (D:7)
  An adder skeleton (D:4)
  A worm (D:3)
  A dart slug (D:4)
  34 orcs
  6 ball pythons
  7 bats
  6 endoplasms
  2 giant cockroaches
  9 goblins
  10 hobgoblins
  4 jackals
  6 quokkas
  A frilled lizard (D:3)
  21 kobolds
  10 rats
210 creatures vanquished.

Vanquished Creatures (others)
  13 fungi (D:7)
13 creatures vanquished.

Grand Total: 223 creatures vanquished

Notes
Turn   | Place    | Note
-------+----------+-------------------------------------------
     0 | D:1      | crazypyro the Minotaur Fighter began the quest for the Orb.
     0 | D:1      | Reached XP level 1. HP: 19/19 MP: 0/0
   158 | D:1      | Reached skill level 3 in Axes
   160 | D:1      | Reached XP level 2. HP: 26/27 MP: 1/1
   930 | D:1      | Reached skill level 4 in Axes
   987 | D:1      | Reached XP level 3. HP: 33/33 MP: 2/2
  1404 | D:2      | Found a faded altar of an unknown god.
  1693 | D:3      | Reached skill level 5 in Axes
  1928 | D:3      | Reached XP level 4. HP: 40/40 MP: 3/3
  2240 | D:3      | Noticed an ogre
  2248 | D:3      | Killed an ogre
  2249 | D:3      | Reached skill level 6 in Axes
  2249 | D:3      | Reached XP level 5. HP: 9/46 MP: 4/4
  2675 | D:3      | Gained mutation: You are resistant to electric shocks.
                  | (rElec) [potion of mutation]
  2675 | D:3      | Gained mutation: You are covered in fur. (AC +1) [potion of
                  | mutation]
  2870 | D:4      | Noticed Menkaure
  2875 | D:4      | Killed Menkaure
  2876 | D:4      | Reached skill level 7 in Axes
  2876 | D:4      | Reached skill level 5 in Shields
  2876 | D:4      | Reached XP level 6. HP: 11/52 MP: 5/5
  3165 | D:4      | Found a staircase to the Ecumenical Temple.
  3202 | Temple   | Entered the Ecumenical Temple
  3239 | Temple   | Became a worshipper of Gozag Ym Sagoz the Greedy
  3489 | D:4      | Reached skill level 8 in Axes
  3489 | D:4      | Reached XP level 7. HP: 52/58 MP: 6/6
  3675 | D:4      | Identified the +1 robe of Unreason {rCorr}
  4177 | D:5      | Entered Level 5 of the Dungeon
  4190 | D:5      | Reached skill level 1 in Dodging
  4498 | D:5      | Noticed Blork the orc
  4506 | D:5      | Killed Blork the orc
  4613 | D:5      | Reached skill level 9 in Axes
  4624 | D:5      | Noticed Pikel
  5162 | D:5      | Reached skill level 5 in Armour
  5162 | D:5      | Reached XP level 8. HP: 54/67 MP: 7/7
  5375 | D:5      | Killed Pikel
  5376 | D:5      | Reached skill level 5 in Fighting
  5376 | D:5      | Reached skill level 10 in Axes
  5817 | D:6      | Noticed a gargoyle
  5829 | D:6      | Killed a gargoyle
  5830 | D:6      | Reached XP level 9. HP: 43/75 MP: 8/8
  5993 | D:6      | Found a sacrificial altar of Ru.
  6021 | D:6      | Found a burning altar of Makhleb.
  6363 | D:6      | Reached skill level 11 in Axes
  6601 | D:6      | Identified a scroll of acquirement
  6601 | D:6      | Acquired 509 gold pieces
  6623 | D:7      | Found a radiant altar of Vehumet.
  6635 | D:7      | Found Ekakked's Distillery.
  6652 | D:7      | Found a flagged portal.
  6688 | D:7      | Bought a pair of embroidered gloves for 217 gold pieces
  6693 | D:7      | Bought a scroll labelled TELA COOSMI for 29 gold pieces
  6696 | Bailey   | Entered a bailey
  7112 | Bailey   | HP: 1/70 [gnoll (8)]
  7506 | D:7      | Identified the +11 rapier of Omyuruha {flame, Will+ rCorr
                  | Dex-4 Stlth+}
  7928 | D:7      | Reached skill level 12 in Axes
  8042 | D:7      | Identified the amulet of Dociw {+Inv rF+ Regen+ rCorr
                  | Int+4}
  8429 | D:8      | Noticed Erica
  8716 | D:8      | You fall into a shaft and drop 1 floor!
  8795 | D:9      | Reached XP level 10. HP: 88/88 MP: 9/9
  8865 | D:9      | Noticed a four-headed hydra
  8876 | D:9      | Killed a one-headed hydra
  8877 | D:9      | Reached skill level 13 in Axes
  8930 | D:9      | Found a shadowy altar of Dithmenos.
  8930 | D:9      | Found a glowing silver altar of Zin.
  9071 | D:9      | Found a bloodstained altar of Trog.
  9078 | D:9      | Noticed a two-headed ogre
  9084 | D:9      | Slain by a two-headed ogre

Illustrated notes

Levels and vault maps discovered:
D:1:      amcnicky_arrival_underground_garden, layout_loops_corners
D:2:      layout_rooms, ebering_ecumenical_altar_petrified
D:3:      layout_basic
D:4:      layout_basic, minmay_temple_entry_junction,
          wad_floor_pattern_untrapped, uniq_menkaure
D:5:      layout_cave_pools, bh_walls_and_bars, uniq_blork_the_orc, uniq_pikel
D:6:      layout_cave_pools, mainiacjoe_overflow_two_lobes, minivault_5
D:7:      old_forge, layout_basic, mainiacjoe_overflow_six_doors_small, tgw_sif,
          enter_bailey_5, serial_shops, shop, kennysheep_generic_room_10
D:8:      layout_basic, dpeg_lair_monsters, uniq_erica
D:9:      layout_roguey, nicolae_overflow_squiral, general_overflow_altar,
          mainiacjoe_overflow_concentric_impassable, jmf_multi_god_temple,
          nrook_campfire, uniq_maurice
Temple:   eino_temple_lava

Skill      XL: |  1  2  3  4  5  6  7  8  9 10 |
---------------+-------------------------------+-----
Axes           | 3 4 5 6 7 8 9 10 12 13 | 13.1
Shields        | 4 5 6 |  6.0
Armour         | 5 6 8 |  8.5
Fighting       | 4 6 7 8 |  8.3
Dodging        | 2 4 |  4.1

Action                   |  1- 3 |  4- 6 |  7- 9 | 10-12 || total
-------------------------+-------+-------+-------+-------++-------
Melee: War axe           |   107 |    66 |   351 |    40 ||   564
       Headbutt          |    15 |    12 |    62 |    11 ||   100
       Hand axe          |       |       |       |     5 ||     5
Invok: Call Merchant     |       |       |     1 |       ||     1
  Use: Scroll            |     2 |     3 |     2 |     7 ||    14
       Potion            |       |     1 |     2 |     1 ||     4
 Stab: Distracted        |       |       |     7 |       ||     7
       Held in net/web   |       |       |     1 |       ||     1
Armor: Scale mail        |    43 |    16 |    72 |       ||   131
       Plate armour      |       |       |    74 |    15 ||    89
Dodge: Dodged            |    65 |    34 |   187 |    13 ||   299
Block: Buckler           |    30 |    16 |    65 |     9 ||   120
